Map: Overgrowth LE (Void)

Players

TYTY (TY) - Winner!

  • Race: Terran Terran
  • League: Diamond
  • Spawn Location: 7:00

ShoWTimE

  • Race: Protoss Protoss
  • Spawn Location: 1:00

Event: WESG 2016 Finals

VOD

Have the link to the VOD?

Description

Time

  • Played on: Jan. 12, 2017, 10:29 p.m.
  • Length: 9:14

All games in this series

Show
View Real Time Build Order
Export as new Build Order

TYTY Terran - Winner!

Build Orders: Reaper Expand, MMM Bio 

Get SALT Encoding   

  12  0:00  SCV  
  13  0:12  SCV  
  14  0:19  Supply Depot  
  14  0:25  SCV  
  14  0:27  Refinery  
  15  0:40  SCV  
  16  0:43  Barracks  
  16  0:52  SCV  
  17  1:05  SCV  
  18  1:17  SCV  
  19  1:30  Reaper  
  19  1:31  Orbital Command  
  20  1:42  Command Center  
  20  1:52  Factory  
  20  1:56  SCV  
  21  2:02  Refinery  
  21  2:06  Barracks Reactor  
  21  2:09  SCV  
  21  2:14  Supply Depot  
  22  2:21  SCV  
  23  2:36  SCV  
  24  2:38  Starport  
  24  2:41  Widow Mine  
  24  2:43  Marine x2  
  28  2:48  SCV  
  29  2:54  Orbital Command  
  29  3:00  Marine, SCV  
  29  3:01  Marine  
  32  3:10  Widow Mine  
  34  3:13  Medivac  
  34  3:17  SCV  
  34  3:18  Marine x2  
  40  3:20  SCV  
  40  3:24  Supply Depot  
  40  3:36  Marine x2, SCV x2  
  44  3:43  Factory Tech Lab  
  44  3:45  Starport Tech Lab  
  44  3:50  SCV  
  44  3:53  Supply Depot  
  44  3:54  Marine x2  
  47  4:00  SCV  
  47  4:02  Siege Tank, SCV  
  51  4:08  Supply Depot, Refinery  
  51  4:12  SCV  
  51  4:14  Raven  
  54  4:17  Marine  
  54  4:18  Marine  
  54  4:19  SCV  
  55  4:24  SCV  
  55  4:31  SCV  
  57  4:36  Marine x2, SCV  
  57  4:37  Siege Tank  
  60  4:43  SCV  
  60  4:45  Barracks x2  
  58  4:48  SCV  
  58  4:52  Supply Depot  
  59  4:54  Marine x2  
  59  4:55  SCV  
  60  5:00  SCV  
  60  5:01  Liberator  
  61  5:07  SCV  
  61  5:09  Supply Depot, Siege Tank  
  61  5:11  Marine x2  
  61  5:12  SCV  
  68  5:17  Supply Depot  
  68  5:19  SCV  
  72  5:24  SCV  
  73  5:29  Engineering Bay  
  73  5:31  SCV  
  73  5:32  Marine x2  
  73  5:34  Barracks Tech Lab  
  76  5:38  Stimpack  
  76  5:39  Refinery  
  77  5:50  Marine x2  
  77  5:53  Factory Reactor  
  77  5:55  Marauder  
  80  5:58  Supply Depot, SCV  
  80  6:02  Marine, Starport Reactor  
  82  6:05  Terran Infantry Weapons Level 1  
  82  6:09  Marine, Missile Turret  
  83  6:13  Command Center  
  83  6:16  Marine  
  84  6:23  Marauder x2  
  88  6:32  Supply Depot  
  88  6:33  Bunker  
  88  6:37  Widow Mine x2  
  88  6:38  Marine x2  
  93  6:40  Combat Shields  
  93  6:43  Barracks x2  
  93  6:46  Medivac x2  
  96  6:52  Marine x2  
  94  7:01  SCV  
  94  7:06  Widow Mine x2  
  99  7:10  Marauder x2  
  99  7:14  Marine x2  
  105  7:16  Medivac x2  
  96  7:38  Barracks Reactor  
  96  7:40  Marine x2  
  96  7:41  Widow Mine x2, Marauder x2  
  96  7:42  Liberator x2  
  96  7:43  Orbital Command, SCV x2  
  96  7:53  Marine  
  96  7:56  SCV x2  
  96  7:58  Marine  
  96  8:03  Marauder, Marine  
  96  8:04  Marauder  
  108  8:08  SCV x2  
  108  8:10  Starport, SCV  
  108  8:11  Marine  
  107  8:16  Marine  
  107  8:18  Marine x2  
  107  8:20  SCV  
  107  8:21  Marine  
  107  8:25  Marauder x2  
  113  8:27  Missile Turret  
  113  8:29  Marine  
  113  8:30  Supply Depot  
  113  8:34  Marine  
  114  8:35  SCV  
  114  8:36  Marine x2, SCV  
  120  8:42  Viking  
  120  8:45  Supply Depot x2  
  120  8:48  Orbital Command, SCV  
Show
View Real Time Build Order
Export as new Build Order

ShoWTimE Protoss 

Build Orders: 1 Gate Expand, Blink Stalkers, Colossus Rush 

Get SALT Encoding   

  12  0:00  Probe (Chrono Boost)  
  13  0:11  Probe (Chrono Boost)  
  14  0:17  Pylon  
  14  0:22  Probe (Chrono Boost)  
  15  0:35  Probe (Chrono Boost)  
  16  0:37  Gateway  
  16  0:42  Assimilator  
  16  0:46  Probe (Chrono Boost)  
  17  0:56  Probe (Chrono Boost)  
  18  1:07  Probe (Chrono Boost)  
  19  1:18  Nexus  
  19  1:22  Probe (Chrono Boost)  
  20  1:31  Cybernetics Core  
  20  1:34  Probe (Chrono Boost)  
  21  1:41  Assimilator  
  21  1:44  Probe (Chrono Boost)  
  22  1:52  Pylon  
  22  1:55  Probe (Chrono Boost)  
  23  2:10  Mothership Core (Chrono Boost)  
  23  2:11  Adept  
  27  2:20  Warp Gate  
  27  2:29  Probe (Chrono Boost)  
  28  2:31  Probe (Chrono Boost)  
  29  2:39  Probe (Chrono Boost)  
  29  2:40  Robotics Facility  
  29  2:42  Probe (Chrono Boost)  
  29  2:44  Adept  
  33  2:50  Probe (Chrono Boost)  
  34  2:52  Probe (Chrono Boost)  
  35  3:00  Probe (Chrono Boost)  
  35  3:03  Probe (Chrono Boost)  
  37  3:06  Twilight Council  
  37  3:11  Probe (Chrono Boost)  
  38  3:13  Probe (Chrono Boost)  
  38  3:19  Gateway  
  39  3:21  Gateway  
  39  3:22  Probe (Chrono Boost)  
  39  3:24  Probe (Chrono Boost)  
  39  3:26  Observer  
  41  3:27  Pylon  
  41  3:29  Blink  
  41  3:33  Assimilator  
  43  3:34  Probe (Chrono Boost)  
  43  3:35  Probe (Chrono Boost)  
  44  3:46  Probe (Chrono Boost)  
  44  3:47  Probe (Chrono Boost)  
  46  3:54  Assimilator  
  46  3:58  Probe (Chrono Boost)  
  46  3:59  Probe (Chrono Boost)  
  46  4:00  Observer  
  49  4:07  Pylon  
  51  4:10  Probe (Chrono Boost)  
  51  4:11  Probe (Chrono Boost)  
  51  4:22  Probe (Chrono Boost)  
  51  4:23  Probe (Chrono Boost)  
  51  4:24  Stalker  
  51  4:25  Stalker x2  
  51  4:34  Probe (Chrono Boost)  
  51  4:35  Probe (Chrono Boost)  
  50  4:46  Probe (Chrono Boost)  
  50  4:47  Probe (Chrono Boost)  
  50  4:49  Robotics Bay  
  50  4:59  Probe (Chrono Boost)  
  54  5:00  Probe (Chrono Boost), Immortal, Pylon  
  55  5:11  Probe (Chrono Boost), Pylon  
  55  5:12  Probe (Chrono Boost)  
  57  5:20  Gateway  
  57  5:21  Gateway  
  57  5:22  Gateway  
  57  5:25  Sentry  
  59  5:31  Probe x2 (Chrono Boost), Extended Thermal Lance  
  59  5:32  Colossus  
  67  5:48  Adept  
  69  5:50  Adept  
  69  5:54  Pylon  
  71  6:02  Adept  
  73  6:06  Pylon  
  73  6:18  Colossus  
  73  6:25  Pylon, Stalker, Adept  
  73  6:26  Stalker  
  85  6:35  Stalker x3  
  90  6:41  Pylon  
  85  6:49  Adept x2  
  85  6:53  Pylon  
  89  6:57  Stalker  
  85  7:05  Sentry, Adept  
  88  7:16  Adept  
  88  7:22  Adept  
  71  7:40  Stalker x2, Adept  
  77  7:45  Adept  
  77  7:47  Observer  
  68  8:01  Assimilator  
  68  8:02  Adept  
  68  8:03  Adept  
  74  8:06  Probe x2 (Chrono Boost)  
  74  8:09  Warp Prism  
  73  8:22  Sentry  
  73  8:23  Zealot x4  
  83  8:29  Adept  
  59  9:06  Adept x6  
Tags
 
Add a new tag
Caveats
  • Supply blocks, unpowered buildings, or Contaminate may cause inaccurate times.
  • Supply counts are checked every 10 seconds.